 Dungeon Crawl Stone Soup version 0.31-a0-851-g7ff8af7976 (webtiles) character file.

Game seed: 13040216056195047649

3767 BinkBink the Skirmisher (level 9, 0/49 HPs)
             Began as a Spriggan Hunter on Oct 5, 2023.
             Was an Initiate of Dithmenos.
             Succumbed to a hornet's poison
             ... on level 9 of the Dungeon.
             The game lasted 00:15:07 (7403 turns).

BinkBink the Skirmisher (Spriggan Hunter)           Turns: 7403, Time: 00:15:08

Health: 0/49       AC:  2    Str:  7    XL:     9   Next: 94%
Magic:  10/10      EV: 24    Int: 10    God:    Dithmenos [......]
Gold:   394        SH:  0    Dex: 23    Spells: 8/8 levels left

rFire   + . .        a - +0 shortbow (freeze)
rCold   . . .        (shield currently unavailable)
rNeg    . . .        c - +0 robe
rPois   .            (helmet currently unavailable)
rElec   .            t - melded scarf {harm}
rCorr   .            (gloves unavailable)
SInv    +            (boots unavailable)
Will    +....        (no amulet)
Stlth   ++++         v - ring of protection from fire
HPRegen 0.28/turn    (no ring)
MPRegen 0.12/turn

%: no passive effects
@: lethally poisoned (0 -> -15), beast-form, hasted, very quick
A: beast (slay +3), very small, no large weapons, unfitting armour, see
invisible, speed 3
a: Begin Untransformation, Renounce Religion


You were on level 9 of the Dungeon.
You worshipped Dithmenos.
Dithmenos was noncommittal.
You were a hulking beast.
You visited 2 branches of the dungeon, and saw 10 of its levels.

You collected 394 gold pieces.

Inventory:

Hand Weapons
 a - a +0 shortbow of freezing (weapon)
Armour
 c - a +0 robe (worn)
 t - a scarf of harm (melded)
Jewellery
 q - a ring of willpower
 v - a ring of protection from fire (left hand)
 w - a ring of magical power
Talismans
 n - a beast talisman (active)
 D - a beast talisman (active)
Wands
 j - a wand of iceblast (8)
 m - a wand of mindburst (14)
 G - a wand of flame (20)
Scrolls
 b - 3 scrolls of butterflies
 d - 2 scrolls of teleportation
 f - a scroll of poison
 l - a scroll of amnesia
 p - a scroll of immolation
 x - a scroll of enchant armour {unknown}
 y - a scroll of fog
 A - a scroll of vulnerability {unknown}
 E - a scroll of fear {unknown}
 F - a scroll of revelation {unknown}
 I - a scroll of noise {unknown}
Potions
 e - 2 potions of heal wounds {unknown}
 g - 2 potions of lignification {unknown}
 h - a potion of degeneration {unknown}
 i - 2 potions of curing {unknown}
 k - a potion of mutation {unknown}
 o - a potion of enlightenment {unknown}
 r - 2 potions of haste
 u - 3 potions of brilliance {unknown}
 z - a potion of magic {unknown}
 C - a potion of cancellation {unknown}
 H - a potion of might {unknown}


   Skills:
 * Level 6.6 Fighting
 * Level 8.8 Ranged Weapons
 + Level 7.7 Dodging
 + Level 8.7 Stealth
 + Level 5.5 Shapeshifting


You had 8 spell levels left.
You didn't know any spells.
Your spell library contained the following spells:

 Spells                   Type           Power      Damage    Failure   Level
 Summon Small Mammal      Summ           0%         N/A       36%         1
 Lesser Beckoning         Tloc           0%         N/A       50%         2
 Call Canine Familiar     Summ           0%         N/A       75%         3
 Gell's Gravitas          Tloc           0%         N/A       75%         3
 Inner Flame              Hex/Fire       0%         N/A       75%         3
 Summon Guardian Golem    Hex/Summ       0%         N/A       75%         3
 Teleport Other           Tloc           0%         N/A       75%         3
 Flame Wave               Conj/Fire      0%         2d4       98%         4
 Sticky Flame             Conj/Fire      0%         2d3       98%         4
 Vhi's Electric Charge    Tloc/Air       0%         N/A       98%         4
 Arcjolt                  Conj/Air       0%         1d10      100%        5
 Dispersal                Tloc           0%         N/A       100%        6
 Maxwell's Capacitive Co  Air            0%         ∞         100%        8


Dungeon Overview and Level Annotations

Branches:
Dungeon (9/15)             Temple (1/1) D:6
   Lair: D:8-11         Orc: D:9-12

Altars:
Ashenzari
Cheibriados
Dithmenos
Elyvilon
Fedhas
Gozag
Hepliaklqana
Kikubaaqudgha
Makhleb
Nemelex Xobeh
Okawaru
Qazlal
Ru
Sif Muna
Trog
Uskayaw
Vehumet
Wu Jian
Xom
Yredelemnul
Zin
The Shining One


Innate Abilities, Weirdness & Mutations

You are a hulking beast.
Your limbs bulge with bestial killing power. (Slay +3)
You are very small and have problems with some larger weapons.
You are too small for most types of armour.
You have supernaturally acute eyesight. (SInv)
You cover ground extremely quickly. (Speed+++)


Message History

You shoot an arrow. The arrow hits the hornet.
The arrow freezes the hornet.
The hornet buzzes angrily.
The hornet is moderately wounded.
You shoot an arrow. The arrow barely misses the hornet.
You shoot an arrow.
The arrow hits the hornet but does no damage.
The hornet is moderately wounded.
The hornet misses you.
You shoot an arrow. The arrow hits the hornet!
The arrow freezes the hornet.
The hornet is severely wounded.
The hornet completely misses you.
You shoot an arrow.
The arrow hits the hornet but does no damage.
The hornet is severely wounded.
The hornet stings you.
You are poisoned.
You suddenly lose the ability to move!
The hornet stings you!
You are more poisoned.
You shrug off the repeated paralysis!
You can move again.
You shoot an arrow. The arrow hits the hornet.
The arrow freezes the hornet.
The hornet is severely wounded.
You feel very sick. The hornet misses you.
You feel sick. The hornet attacks as it pursues you! The hornet stings you!
You are lethally poisoned!
You feel yourself slow down.
* * * LOW HITPOINT WARNING * * *
You feel very sick.
As you read the scroll of butterflies, it crumbles to dust.
You hear the flapping of tiny wings.
The hornet is knocked back by the sudden gust.
* * * LOW HITPOINT WARNING * * *
You feel extremely sick. The hornet stings your butterfly!
Your butterfly dies!
Your butterfly disappears in a burst of colours!
It was a potion of haste.
You feel yourself speed up.
You feel yourself speed up.
You die...

##........
........
#).....
#b.b..
.... #b##
#b.# ##y#
#h# #b###
#bb.##
###b.#
##b###
#b..#
###.# #.#
#.#


You could see a hornet (ally target).

Vanquished Creatures
  An unseen horror (D:7)
  Eustachio (D:5)
  A steam dragon (D:8)
  2 water moccasins (D:6)
  A black bear (D:5)
  2 ice beasts
  2 orc warriors
  3 ogres
  2 centaurs
  A phantom (D:8)
  2 kobold brigands
  3 bullfrogs
  2 scorpions
  9 wights
  2 howler monkeys (D:8)
  2 quasits (D:7)
  5 hounds
  3 jellies
  2 orc priests (D:7)
  2 gnoll boudas
  A sleepcap (D:7)
  4 iguanas
  5 orc wizards
  12 gnolls
  9 adders
  5 shadow imps (D:7)
  2 white imps (D:7)
  7 ufetubi
  4 worms
  3 dart slugs
  16 orcs
  7 endoplasms
  4 giant cockroaches
  5 goblins
  6 hobgoblins
  7 jackals
  A quokka (D:4)
  11 ball pythons
  8 bats
  A frilled lizard (D:3)
  18 kobolds
  4 rats
188 creatures vanquished.

Notes
Turn   | Place    | Note
-------+----------+-------------------------------------------
     0 | D:1      | BinkBink the Spriggan Hunter began the quest for the Orb.
     0 | D:1      | Reached XP level 1. HP: 10/10 MP: 2/2
    63 | D:1      | Reached XP level 2. HP: 15/15 MP: 3/3
   196 | D:1      | Reached XP level 3. HP: 18/18 MP: 4/4
   832 | D:2      | Reached XP level 4. HP: 23/23 MP: 5/5
  1292 | D:3      | Found a faded altar of an unknown god.
  1432 | D:3      | Noticed a scorpion
  1469 | D:3      | Killed a scorpion
  1470 | D:3      | Reached skill level 5 in Ranged Weapons
  1470 | D:3      | Reached XP level 5. HP: 28/28 MP: 6/6
  2293 | D:4      | Reached XP level 6. HP: 32/32 MP: 7/7
  2353 | D:4      | Found a glowing golden altar of the Shining One.
  2363 | D:4      | Noticed an ice beast
  2420 | D:4      | Killed an ice beast
  2421 | D:4      | Reached skill level 1 in Shapeshifting
  2521 | D:4      | Found an opulent altar of Gozag.
  2521 | D:4      | Found a basalt altar of Yredelemnul.
  2851 | D:5      | Entered Level 5 of the Dungeon
  2920 | D:5      | Reached XP level 7. HP: 37/37 MP: 8/8
  2943 | D:5      | Found a snail-covered altar of Cheibriados.
  3005 | D:5      | Reached skill level 5 in Stealth
  3176 | D:5      | Reached skill level 5 in Dodging
  3599 | D:5      | Reached XP level 8. HP: 40/42 MP: 9/9
  3656 | D:5      | Noticed Eustachio
  3667 | D:5      | Killed Eustachio
  4257 | D:6      | Reached skill level 5 in Fighting
  4304 | D:6      | Found a staircase to the Ecumenical Temple.
  4315 | Temple   | Entered the Ecumenical Temple
  4670 | D:7      | Noticed an unseen horror
  4732 | D:7      | Found a radiant altar of Vehumet.
  5482 | D:6      | Reached XP level 9. HP: 32/47 MP: 10/10
  5759 | D:7      | Killed an unseen horror
  5805 | D:7      | Found an iron altar of Okawaru.
  6157 | D:7      | Found a white marble altar of Elyvilon.
  6337 | D:7      | Found a bloodstained altar of Trog.
  6479 | D:8      | Reached skill level 5 in Shapeshifting
  7291 | D:8      | Found a shadowy altar of Dithmenos.
  7307 | D:8      | Became a worshipper of Dithmenos the Shadowed
  7398 | D:9      | Paralysed by a hornet for 1 turns
  7403 | D:9      | Succumbed to a hornet's poison

Illustrated notes

Levels and vault maps discovered:
D:1:      roderic_chinese_lattice_arrival, layout_rooms
D:2:      cheibrodos_old_hovel, layout_basic, chequers_serial_rivers_small_3
D:3:      layout_basic, shapermc_ecumenical_altar_starsandcircs, serial_forest,
          infiniplex_forest_clump_medium, infiniplex_forest_clump_medium,
          infiniplex_forest_straight_4, infiniplex_forest_lined_2,
          infiniplex_forest_clump_curved, infiniplex_forest_lined_2,
          chequers_serial_rivers_room_b
D:4:      layout_rooms, nicolae_overflow_two_pavilions,
          mainiacjoe_overflow_cross_hatched, serial_rivers,
          chequers_serial_rivers_small_3, chequers_serial_rivers_marsh,
          chequers_serial_rivers_micro_d, chequers_serial_rivers_small_3,
          minmay_crossroads
D:5:      layout_cave_pods, slow_altar_1, uniq_eustachio
D:6:      layout_loops_ring, temple_statues
D:7:      layout_cave_pools, mainiacjoe_overflow_concentric_impassable,
          marbit_many_paths, mainiacjoe_overflow_catwalk, elyvilon_altar_3,
          serial_demonic, serial_demonic_d, serial_demonic_c, serial_demonic_c,
          serial_demonic_g, serial_demonic_a, serial_demonic_d
D:8:      layout_gridville, grunt_dithmenos_shadows
D:9:      layout_roguey, orc_0_dummy, serial_shops, shop
Temple:   nicolae_temple_figure_eight

Skill      XL: |  1  2  3  4  5  6  7  8  9 |
---------------+----------------------------+-----
Dodging        | 3 4 5 6 7 |  7.7
Stealth        | 2 3 4 5 7 8 |  8.7
Fighting       | 2 3 4 5 6 |  6.6
Ranged Weapons | 5 6 7 8 |  8.8
Shapeshifting  | 1 2 4 5 |  5.5

Action                     |  1- 3 |  4- 6 |  7- 9 || total
---------------------------+-------+-------+-------++-------
   Fire: Shortbow          |   102 |   202 |   485 ||   789
    Use: Scroll            |       |     4 |     7 ||    11
         Potion            |       |       |     1 ||     1
 Armour: Robe              |     7 |    14 |    81 ||   102
  Dodge: Dodged            |    18 |    69 |   276 ||   363
   Form: Beast             |       |     1 |       ||     1

Table legend: (Time is in decaauts)
 A = Elapsed time spent in this place.
 B = Non-inter-level travel time spent in this place.
 C = Inter-level travel time spent in this place.
 D = Time resting spent in this place.
 E = Time spent auto-exploring this place.
 F = Levels seen in this place.
 G = Mean time per level.
                   A        B        C        D        E       F      G
               +--------+--------+--------+--------+--------+-----+--------+
         Total |   5375 |   5124 |    251 |    313 |   3317 |  10 |  537.5 |
       Dungeon |   5329 |   5122 |    207 |    313 |   3317 |   9 |  592.1 |
        Temple |     46 |      2 |     44 |      0 |      0 |   1 |   46.0 |
               +--------+--------+--------+--------+--------+-----+--------+

Top non-repeatable levels by time:
     D:6: 1190 daAuts
     D:5: 758 daAuts
     D:7: 706 daAuts
     D:8: 666 daAuts
     D:2: 622 daAuts
     D:3: 567 daAuts
     D:4: 511 daAuts
     D:1: 259 daAuts
  Temple: 46 daAuts
     D:9: 46 daAuts
